Construct Section Command Post
Construct Platoon Command Post
Unlock M3 Stuart Light Tanks
Selects Air and Sea Battlegroup
Selects Commando Section Paradrop
Construct Company Command Post
Commando Section Paradrop
Unlock M3 Grant Medium Tanks
Selects Naval Bombardment
Commando Section Paradrop
Commando Section Paradrop
Selects M1 Pack Howitzer Paradrop
Selects Incendiary Bombing Run
Commando Section Paradrop
Commando Section Paradrop